 Dungeon Crawl Stone Soup version 0.29-a0-284-gf9362112df (webtiles) character file.

Game seed: 7497787806649555088

375 ders the Magician (level 7, 0/45 HPs)
             Began as a Djinni Conjurer on Mar 29, 2022.
             Slain by a gnoll
             ... wielding a +1 vorpal spear
              (6 damage)
             ... on level 4 of the Dungeon.
             The game lasted 00:04:32 (4203 turns).

ders the Magician (Djinni Conjurer)                 Turns: 4203, Time: 00:04:33

Health: 0/45       AC:  2    Str:  6    XL:     7   Next: 3%
Gold:   125        EV: 12    Int: 21    God:
                   SH:  0    Dex: 12

rFire   + + .      SeeInvis .   m - +2 long sword (flame)
rCold   x . .      Faith    .   (no shield)
rNeg    . . .      Spirit   .   a - +0 robe
rPois   ∞          Reflect  .   (no helmet)
rElec   .          Harm     .   (no cloak)
rCorr   .          Rampage  .   (no gloves)
Will    .....                   (boots unavailable)
Stlth   ++........              (no amulet)
HPRegen 0.15/turn               (no ring)
MPRegen 0.00/turn               (no ring)

@: flying
A: sickness immunity, fire resistance 2, cold vulnerability 1, float, innate
caster, HP casting, extra vitality 1
a: no special abilities


You were on level 4 of the Dungeon.
You visited 1 branch of the dungeon, and saw 4 of its levels.

You collected 125 gold pieces.

Inventory:

Hand Weapons
 m - a +2 long sword of flaming (weapon)
Armour
 a - a +0 robe (worn)
Wands
 h - a wand of paralysis (12)
 l - a wand of digging (4)
Scrolls
 b - 3 scrolls of teleportation {unknown}
 e - a scroll of noise {unknown}
 i - 3 scrolls of enchant armour {unknown}
 k - a scroll of identify {unknown}
 n - a scroll of magic mapping {unknown}
 o - a scroll of immolation {unknown}
Potions
 c - 2 potions of curing {unknown}
 d - a potion of brilliance {unknown}
 f - a potion of magic {unknown}
 g - a potion of attraction {unknown}
 j - a potion of heal wounds {unknown}
 p - a potion of resistance {unknown}
 q - a potion of haste {unknown}


   Skills:
 - Level 2.1 Dodging
 - Level 1.5 Stealth
 + Level 6.1 Spellcasting


You couldn't memorise any spells.
You knew the following spells:

 Your Spells              Type           Power      Damage    Failure   Level
a - Magic Dart            Conj           100%       1d8       1%          1
b - Scorch                Fire           64%        2d8       1%          2
c - Dazzling Flash        Conj/Hex       64%        N/A       2%          3
d - Fulminant Prism       Conj/Hex       16%        3d11      8%          4
e - Iskenderun's Mystic   Conj/Tloc      32%        2d8       8%          4
f - Summon Small Mammal   Summ           100%       N/A       1%          1
g - Searing Ray           Conj           64%        2d6       1%          2
h - Spider Form           Tmut/Pois      32%        N/A       2%          3
Your spell library was empty.

Dungeon Overview and Level Annotations

Branches:
Dungeon (4/15)
 Temple: D:4-7

Altars:
Elyvilon
Kikubaaqudgha
Vehumet


Innate Abilities, Weirdness & Mutations

You are immune to sickness and miasma.
You are immune to poison.
Your flesh is very heat resistant. (rF++)
You are vulnerable to cold. (rC-)
You float through the air rather than walking.
You learn spells naturally, not from books.
Your magical power is your life essence.
You have superior vitality. (+4 MHP)


Message History

Casting: Searing Ray (safe; 1% risk of failure)
Confirm with . or Enter, or press ? or * to list all spells.
Flames lash the gnoll.
You kill the gnoll!
Your Spellcasting skill increases to level 6!
Unknown command.
Casting: Scorch (safe; 1% risk of failure)
Confirm with . or Enter, or press ? or * to list all spells.
Flames lash the gnoll shaman.
The gnoll shaman is almost dead.
The gnoll shaman's fire resistance burns away.
The gnoll shaman calls upon its god to speed up the gnoll.
The gnoll seems to speed up.
Unknown command.
Casting: Scorch (safe; 1% risk of failure)
Confirm with . or Enter, or press ? or * to list all spells.
Flames lash the gnoll shaman.
The gnoll shaman is burned terribly!
You kill the gnoll shaman!
You have reached level 7!
The power to cast Spider Form wells up from within.
Spell assigned to 'h'.
Casting: Scorch (safe; 1% risk of failure)
Confirm with . or Enter, or press ? or * to list all spells.
Flames lash the gnoll.
The gnoll is heavily wounded.
The gnoll's fire resistance burns away.
The gnoll hits you with a +0 whip. The gnoll hits you with a +0 whip.
The gnoll hits you from afar with a +1 vorpal spear!
* * * LOW HITPOINT WARNING * * *
Unknown command.
Casting: Scorch (safe; 1% risk of failure)
Confirm with . or Enter, or press ? or * to list all spells.
Flames lash the gnoll.
The gnoll is burned terribly!
You kill the gnoll!
* * * LOW HITPOINT WARNING * * *
The gnoll hits you from afar with a +1 vorpal spear.
* * * LOW HITPOINT WARNING * * *
x2 The gnoll barely misses you.
The gnoll hits you from afar with a +1 vorpal spear.
You die...

#......##.#.#.
#######......##.#.#. .
.................>.. ..
..##..........##.#.##
.$..........###.#.......
...<.##....###.#.#.#.##
#.) #.............#.##
#..g#.#######.#.###...
#g)@........#.#.####
#...####.#..........
#...... . #..#.######
....#...## ##.#.......
....#.... . ####### ...
###.# #... !. #.. #.##
##. #.#. #...


You could see 2 gnolls.

Vanquished Creatures
  A scorpion (D:4)
  A hound (D:2)
  A gnoll shaman (D:4)
  Ijyb (D:4)
  An iguana (D:4)
  An orc wizard (D:3)
  A mummy (D:4)
  3 gnolls (D:4)
  7 adders
  A shadow imp (D:3)
  2 worms (D:2)
  A dart slug (D:3)
  2 orcs (D:3)
  7 ball pythons
  8 bats
  3 endoplasms
  3 giant cockroaches
  3 goblins
  6 hobgoblins
  A quokka (D:2)
  2 frilled lizards (D:1)
  2 hobgoblin zombies (D:4)
  6 kobolds
  2 kobold zombies (D:4)
  7 rats
73 creatures vanquished.

Notes
Turn   | Place    | Note
-------+----------+-------------------------------------------
     0 | D:1      | ders the Djinni Conjurer began the quest for the Orb.
     0 | D:1      | Reached XP level 1. HP: 15/15 MP: 0/0
   244 | D:1      | Reached XP level 2. HP: 19/21 MP: 0/0
   865 | D:1      | Reached XP level 3. HP: 24/25 MP: 0/0
   865 | D:1      | Learned a level 1 spell: Summon Small Mammal
  1280 | D:2      | Reached skill level 4 in Spellcasting
  1786 | D:2      | Reached XP level 4. HP: 27/31 MP: 0/0
  2583 | D:3      | Reached XP level 5. HP: 28/35 MP: 0/0
  2583 | D:3      | Learned a level 2 spell: Scorch
  2756 | D:3      | Reached skill level 5 in Spellcasting
  3244 | D:3      | Found a faded altar of an unknown god.
  3719 | D:4      | Found a white marble altar of Elyvilon.
  3868 | D:4      | Noticed Ijyb
  3871 | D:4      | Killed Ijyb
  3872 | D:4      | Reached XP level 6. HP: 36/40 MP: 0/0
  4196 | D:4      | Reached skill level 6 in Spellcasting
  4200 | D:4      | Reached XP level 7. HP: 32/45 MP: 0/0
  4200 | D:4      | Learned a level 3 spell: Spider Form
  4203 | D:4      | Slain by a gnoll

Illustrated notes

Levels and vault maps discovered:
D:1:      psy_arrival_radial01, layout_loops_ring, nicolae_figureground_sparkle
D:2:      layout_loops_corners, minmay_misc_feat_plants
D:3:      layout_basic, vehumet_crystals, mainiacjoe_overflow_chevrons,
          chequers_ecumenical_altar_simple_redux,
          chequers_serial_rivers_micro_b, grunt_ministairs_9,
          corexii_hall_statues_s
D:4:      layout_basic, mainiacjoe_overflow_concentric_impassable,
          minmay_mini_ossuary, uniq_ijyb, uniq_menkaure

Skill      XL: |  1  2  3  4  5  6 |
---------------+-------------------+-----
Spellcasting   | 4 5 6 |  6.1
Dodging        | |  2.1
Stealth        | |  1.5

Action                   |  1- 3 |  4- 6 |  7- 9 || total
-------------------------+-------+-------+-------++-------
 Cast: Magic Dart        |    60 |    86 |       ||   146
       Searing Ray       |     1 |     4 |       ||     5
       Scorch            |       |    10 |     2 ||    12
Armor: Robe              |     2 |     2 |       ||     4
Dodge: Dodged            |     5 |     2 |     1 ||     8

Table legend: (Time is in decaauts)
 A = Elapsed time spent in this place.
 B = Non-inter-level travel time spent in this place.
 C = Inter-level travel time spent in this place.
 D = Time resting spent in this place.
 E = Time spent auto-exploring this place.
 F = Levels seen in this place.
 G = Mean time per level.
                   A        B        C        D        E       F      G
               +--------+--------+--------+--------+--------+-----+--------+
         Total |   4201 |   4101 |    100 |    224 |   3561 |   4 | 1050.2 |
       Dungeon |   4201 |   4101 |    100 |    224 |   3561 |   4 | 1050.2 |
               +--------+--------+--------+--------+--------+-----+--------+

Top non-repeatable levels by time:
     D:2: 1308 daAuts
     D:1: 1256 daAuts
     D:3: 1146 daAuts
     D:4: 489 daAuts
